 Dungeon Crawl Stone Soup version 0.31-a0-237-g2d982f9f85 (webtiles) character file.

Game seed: 6390279650894028141

83 qw the Shooter (level 4, -7/36 HPs)
             Began as a Minotaur Hexslinger on July 11, 2023.
             Killed from afar by Ijyb (13 damage)
             ... with a bolt of light
             ... on level 3 of the Dungeon.
             The game lasted 00:00:39 (1902 turns).

qw the Shooter (Minotaur Hexslinger)                Turns: 1902, Time: 00:00:39

Health: -7/36      AC:  5    Str: 18    XL:     4   Next: 22%
Magic:  4/4        EV: 11    Int: 10    God:
Gold:   120        SH:  0    Dex: 15    Spells: 4/5 levels left

rFire   . . .        Y - +1 sling
rCold   . . .        (no shield)
rNeg    . . .        h - +0 ring mail
rPois   .            (helmet restricted)
rElec   .            (no cloak)
rCorr   .            (no gloves)
SInv    .            (no boots)
Will    .....        (no amulet) Stlth
                     g - +6 ring of strength
HPRegen 0.26/turn    (no ring)
MPRegen 0.09/turn

%: no passive effects
@: confused
A: horns 2, retaliatory headbutt
a: no special abilities


You were on level 3 of the Dungeon.
You visited 1 branch of the dungeon, and saw 3 of its levels.

You collected 120 gold pieces.


Innate Abilities, Weirdness & Mutations

You have a pair of horns on your head.
You reflexively headbutt those who attack you in melee.


   Skills:
 - Level 2.3 Fighting
 + Level 4.6 Ranged Weapons
 - Level 2.1 Dodging
 - Level 1.0 Spellcasting
 - Level 2.0 Hexes


You had 4 spell levels left.
You knew the following spells:

 Your Spells              Type           Power      Damage    Failure   Level
a - Slow                  Hex            16%        N/A       26%         1

Your spell library contained the following spells:

 Spells                   Type           Power      Damage    Failure   Level
 Inner Flame              Hex/Fire       2%         N/A       77%         3
 Portal Projectile        Hex/Tloc       4%         N/A       77%         3
 Cause Fear               Hex            2%         N/A       95%         4

Inventory:

Hand Weapons
 Y - a +1 sling (weapon)
Armour
 b - a +0 pair of boots
 h - a +0 ring mail (worn)
Jewellery
 g - a +6 ring of strength (left hand)
Scrolls
 c - a scroll of vulnerability {unknown}
Potions
 a - a potion of curing
 j - a potion of mutation {unknown}
 k - a potion of ambrosia {unknown}

Dungeon Overview and Level Annotations

Branches:
Dungeon (3/15)

Altars:

Annotations:
D:3 Ijyb


Message History

You kill the ball python!
b - a +0 pair of boots
c - a scroll labelled VILOYLI JAMYE You now have 120 gold pieces (gained 17).
A ball python comes into view.
The ball python hisses angrily.
The ball python barely misses you. You furiously retaliate!
You headbutt the ball python!
You kill the ball python!
Found a stone staircase leading down.
There is a stone staircase leading down here.
Ijyb the Twisted Goblin comes into view.
She is wielding a +0 dagger and carrying a wand of light (5).
Ijyb shouts!
Enter note: You shoot a sling bullet.
The sling bullet barely misses Ijyb.
You shoot a sling bullet. The sling bullet closely misses Ijyb.
You shoot a sling bullet. The sling bullet closely misses Ijyb.
You shoot a sling bullet. The sling bullet hits Ijyb.
Ijyb is lightly wounded.
Ijyb screams, "It's all mine!"
You shoot a sling bullet. The sling bullet barely misses Ijyb.
Ijyb hits you with a +0 dagger.
A rat comes into view.
Ijyb hits you with a +0 dagger.
You shoot a sling bullet.
The sling bullet hits Ijyb but does no damage.
Ijyb is lightly wounded.
Ijyb hits you but does no damage.
You shoot a sling bullet. The sling bullet closely misses Ijyb.
The sling bullet hits the rat.
You kill the rat!
Ijyb zaps a wand.
The bolt of light hits you!!
Ouch! That really hurt!
You shoot a sling bullet. The sling bullet closely misses Ijyb.
Ijyb hits you with a +0 dagger.
You shoot a sling bullet. The sling bullet hits Ijyb.
Ijyb is lightly wounded.
Ijyb zaps a wand.
The bolt of light hits you!
You are confused.
You die...

#.# ### #.#
#.# #.# #.#
###.########
#...........
#.#.########
#@#.# #g#.#
#...# #..##
#..# #%.#
...# #.##


You could see Ijyb.

Vanquished Creatures
  Terence (D:2)
  A gnoll (D:1)
  A worm (D:2)
  2 dart slugs (D:2)
  2 orcs (D:3)
  6 ball pythons
  A bat (D:1)
  3 endoplasms
  4 giant cockroaches
  2 goblins
  A hobgoblin (D:2)
  2 jackals (D:2)
  A quokka (D:2)
  3 frilled lizards
  5 kobolds
  11 rats
46 creatures vanquished.

Notes
Turn   | Place    | Note
-------+----------+-------------------------------------------
     0 | D:1      | qw the Minotaur Hexslinger began the quest for the Orb.
     0 | D:1      | Reached XP level 1. HP: 16/16 MP: 1/1
     0 | D:1      | 0 ||| qw: Version: 0.3-a-52-g30416fa
     0 | D:1      | 0 ||| qw: Game counter: 5833
     0 | D:1      | 0 ||| qw: Melee chars always use a shield: true
     0 | D:1      | 0 ||| qw: God list: Okawaru
     0 | D:1      | 0 ||| qw: Allow faded altars: false
     0 | D:1      | 0 ||| qw: Do Orc after clearing Dungeon:15 true
     0 | D:1      | 0 ||| qw: Do second Lair branch before Depths: true
     0 | D:1      | 0 ||| qw: Lair rune preference: random
     0 | D:1      | 0 ||| qw: Goals: Normal
     0 | D:1      | 0 ||| PLANNING D:1-11
   192 | D:1      | Reached skill level 3 in Ranged Weapons
   206 | D:1      | Found a faded altar of an unknown god.
   223 | D:1      | Reached XP level 2. HP: 17/23 MP: 2/2
   225 | D:1      | HP: 4/23 [gnoll/+0 whip (5)]
   226 | D:1      | HP: 1/23 [gnoll/+0 whip (3)]
  1080 | D:1      | Reached XP level 3. HP: 25/29 MP: 3/3
  1204 | D:1      | 1204 ||| UPGRADING to +0 leather armour.
  1214 | D:1      | 1214 ||| DROPPING +0 robe.
  1215 | D:1      | 1215 ||| UPGRADING to +0 ring mail.
  1225 | D:1      | 1225 ||| DROPPING +0 leather armour.
  1226 | D:1      | 1226 ||| UPGRADING to +6 ring of strength.
  1227 | D:1      | 1227 ||| READING scroll labelled WOTAON LAUFA.
  1228 | D:1      | 1228 ||| READING scroll labelled ZIQIUSUTAZ.
  1229 | D:1      | 1229 ||| READING scroll labelled PEIT DOSED.
  1234 | D:1      | 1234 ||| DROPPING scroll of poison.
  1423 | D:2      | Noticed Terence
  1435 | D:2      | Killed Terence
  1436 | D:2      | Reached skill level 4 in Ranged Weapons
  1564 | D:2      | Reached XP level 4. HP: 36/36 MP: 4/4
  1723 | D:2      | 1723 ||| READING scroll labelled NELOKU TAZOEF.
  1724 | D:2      | 1724 ||| READING scroll labelled XUAXZIT HOECK.
  1725 | D:2      | 1725 ||| DRINKING 2 fuming black potions.
  1893 | D:3      | Noticed Ijyb
  1900 | D:3      | HP: 8/36 [Ijyb/bolt of light (22)]
  1902 | D:3      | Killed from afar by Ijyb

Levels and vault maps discovered:
D:1:      elethiomel_arrival_maze, layout_basic, basic_ecumenical_altar,
          minmay_misc_feat_x
D:2:      layout_basic, uniq_terence
D:3:      layout_loops_ring, uniq_ijyb

Skill      XL: |  1  2  3 |
---------------+----------+-----
Ranged Weapons | 3 4 |  4.6
Fighting       | 2 |  2.3
Dodging        | |  2.1
Spellcasting   | |  1.0
Hexes          | |  2.0

Action                     |  1- 3 |  4- 6 || total
---------------------------+-------+-------++-------
   Fire: Sling             |   106 |    47 ||   153
    Use: Scroll            |     3 |     2 ||     5
         Potion            |       |     1 ||     1
 Armour: Robe              |     2 |       ||     2
         Ring mail         |     8 |     8 ||    16
  Dodge: Dodged            |    32 |     7 ||    39

Table legend:
 A = Non-vault XP
 B = Vault XP
 C = Vault XP percentage of total XP
 D = Non-vault monster count
 E = Vault monster count
 F = Vault count percentage of total count
                 A         B        C        D         E       F
            +---------+---------+-------+---------+---------+-------
      Total |      87 |      32 |  26.9 |      45 |       1 |   2.2
            +---------+---------+-------+---------+---------+-------
        D:1 |      41 |       0 |   0.0 |      19 |       0 |   0.0
        D:2 |      32 |      32 |  50.0 |      17 |       1 |   5.6
        D:3 |      14 |       0 |   0.0 |       9 |       0 |   0.0
            +---------+---------+-------+---------+---------+-------
